% Time on Ice - SAN FRANCISCO SPIDERS
Lines # - Real PCT - Wanted PCT - Time Play
Normal Forward
1 - 23% - 25% - 12:09
2 - 27% - 25% - 14:03
3 - 27% - 25% - 13:50
4 - 23% - 25% - 12:02
Normal Defense
1 - 37% - 45% - 19:09
2 - 30% - 25% - 15:35
3 - 30% - 20% - 15:41
4 - 3% - 10% - 1:39
PP Forward
1 - 68% - 55% - 1:21
2 - 32% - 45% - 0:38
PP Defense
1 - 32% - 55% - 0:38
2 - 68% - 45% - 1:21
PK Forward
1 - 68% - 55% - 4:03
2 - 32% - 45% - 1:54
PK Defense
1 - 61% - 55% - 3:36
2 - 39% - 45% - 2:21
PK3 Forward
1 - 0% - 55%
2 - 0% - 45%
PK3 Defense
1 - 0% - 55%
2 - 0% - 45%
44 Forward
1 - 0% - 55%
2 - 0% - 45%
44 Defense
1 - 0% - 55%
2 - 0% - 45%
Last Minute Offensive  - 0:00
Last Minute Defensive  - 0:00
Total
Forward - 60:00
Defense - 60:00
% Time on Ice - LOS ANGELES SEALS
Lines # - Real PCT - Wanted PCT - Time Play
Normal Forward
1 - 38% - 36% - 19:45
2 - 33% - 34% - 17:22
3 - 24% - 23% - 12:19
4 - 5% - 7% - 2:38
Normal Defense
1 - 37% - 36% - 19:09
2 - 31% - 31% - 15:56
3 - 23% - 23% - 11:47
4 - 10% - 10% - 5:12
PP Forward
1 - 53% - 55% - 3:10
2 - 47% - 45% - 2:47
PP Defense
1 - 53% - 55% - 3:10
2 - 47% - 45% - 2:47
PK Forward
1 - 60% - 55% - 1:11
2 - 40% - 45% - 0:48
PK Defense
1 - 53% - 55% - 1:03
2 - 47% - 45% - 0:56
PK3 Forward
1 - 0% - 55%
2 - 0% - 45%
PK3 Defense
1 - 0% - 55%
2 - 0% - 45%
44 Forward
1 - 0% - 55%
2 - 0% - 45%
44 Defense
1 - 0% - 55%
2 - 0% - 45%
Last Minute Offensive  - 0:00
Last Minute Defensive  - 0:00
Total
Forward - 60:00
Defense - 60:00
Play-by-Play 1st period 0:01 of 1st period - Justin Williams wins face-off versus Alexander True in neutral zone. 0:13 of 1st period - Icing by David Schlemko. 0:14 of 1st period - Mark Scheifele wins face-off versus Alexander True in SAN FRANCISCO SPIDERS zone. 0:15 of 1st period - Shot by Andreas Johnsson. 0:15 of 1st period - Stopped by Antti Niemi without a rebound. 0:16 of 1st period - Adam Lowry wins face-off versus Dominik Simon in SAN FRANCISCO SPIDERS zone. 0:26 of 1st period - Shot by Colin White. 0:26 of 1st period - Shot Misses the Net. 0:28 of 1st period - Shot by Colin White. 0:28 of 1st period - Stopped by Antti Niemi without a rebound. 0:29 of 1st period - Mark Scheifele wins face-off versus Sven Andrighetto in SAN FRANCISCO SPIDERS zone. 0:44 of 1st period - Shot by Brock Boeser. 0:44 of 1st period - Stopped by Antti Niemi without a rebound. 0:45 of 1st period - Patrick Marleau wins face-off versus Matt Hendricks in SAN FRANCISCO SPIDERS zone. 0:45 of 1st period - Logan Couture is hit by Tyler Wotherspoon and loses puck. 0:55 of 1st period - Minor Penalty to Tyler Wotherspoon for Boarding. 0:56 of 1st period - Alexander True wins face-off versus Andreas Johnsson in SAN FRANCISCO SPIDERS zone. 1:39 of 1st period - Icing by Patrick Marleau. 1:40 of 1st period - Matt Hendricks wins face-off versus Andreas Johnsson in LOS ANGELES SEALS zone. 2:04 of 1st period - Icing by Brandon Carlo. 2:05 of 1st period - Alexander True wins face-off versus Erik Haula in LOS ANGELES SEALS zone. 2:51 of 1st period - Shot by Dominik Simon. 2:51 of 1st period - Shot Blocked by Erik Haula. 2:57 of 1st period - Andrei Svechnikov is hit by Adam Lowry and loses puck. 3:28 of 1st period - Alex Goligoski is hit by Sven Andrighetto and loses puck. 4:07 of 1st period - Shot by Patrick Marleau. 4:07 of 1st period - Stopped by Antti Niemi with a rebound. 4:17 of 1st period - Shot by Justin Williams. 4:17 of 1st period - Shot Misses the Net. 6:13 of 1st period - Shot by Matt Hendricks. 6:13 of 1st period - Goal by Matt Hendricks - SAN FRANCISCO SPIDERS : 1 - LOS ANGELES SEALS : 0. 6:14 of 1st period - Patrick Marleau wins face-off versus Andrei Svechnikov in neutral zone. 7:09 of 1st period - Brandon Carlo is hit by Andrei Svechnikov and loses puck. 8:07 of 1st period - Shot by Mark Scheifele. 8:07 of 1st period - Shot Blocked by Karl Alzner. 8:41 of 1st period - Icing by Esa Lindell. 8:42 of 1st period - Mark Scheifele wins face-off versus Dominik Simon in LOS ANGELES SEALS zone. 8:42 of 1st period - Mark Scheifele is hit by Gabriel Bourque. 8:48 of 1st period - Esa Lindell is hit by Josh Leivo and loses puck. 9:39 of 1st period - Patrick Marleau is hit by Tyler Myers and loses puck. 9:44 of 1st period - Shot by Justin Williams. 9:44 of 1st period - Shot Misses the Net. 9:46 of 1st period - Shot by Nick Holden. 9:46 of 1st period - Stopped by Antti Niemi without a rebound. 9:47 of 1st period - Adam Lowry wins face-off versus Sven Andrighetto in SAN FRANCISCO SPIDERS zone. 9:50 of 1st period - Shot by Adam Lowry. 9:50 of 1st period - Stopped by Antti Niemi with a rebound. 10:17 of 1st period - Off-side. 10:18 of 1st period - Jake DeBrusk wins face-off versus Alexander True in neutral zone. 10:37 of 1st period - Shot by Alex Goligoski. 10:37 of 1st period - Stopped by Antti Niemi with a rebound. 10:39 of 1st period - Shot by Esa Lindell. 10:39 of 1st period - Goal by Esa Lindell - SAN FRANCISCO SPIDERS : 1 - LOS ANGELES SEALS : 1. 10:40 of 1st period - Logan Couture wins face-off versus Dominik Simon in neutral zone. 10:57 of 1st period - Shot by Justin Williams. 10:57 of 1st period - Goal by Justin Williams - SAN FRANCISCO SPIDERS : 1 - LOS ANGELES SEALS : 2. 10:58 of 1st period - Alexander True wins face-off versus Mathieu Perreault in neutral zone. 11:04 of 1st period - Taylor Leier is hit by Roman Polak and loses puck. 11:13 of 1st period - Shot by Alexander True. 11:13 of 1st period - Stopped by Roberto Luongo without a rebound. 11:14 of 1st period - Ryan Getzlaf wins face-off versus Mark Scheifele in LOS ANGELES SEALS zone. 11:39 of 1st period - Shot by Ryan Getzlaf. 11:39 of 1st period - Shot Misses the Net. 12:01 of 1st period - Shot by Mark Scheifele. 12:01 of 1st period - Deflect By Brock Boeser. 12:01 of 1st period - Goal by Brock Boeser - SAN FRANCISCO SPIDERS : 1 - LOS ANGELES SEALS : 3. 12:02 of 1st period - Logan Couture wins face-off versus Dominik Simon in neutral zone. 12:43 of 1st period - Gabriel Bourque is hit by Roman Polak and loses puck. 13:08 of 1st period - Shot by Alexander Kerfoot. 13:08 of 1st period - Goal by Alexander Kerfoot - SAN FRANCISCO SPIDERS : 2 - LOS ANGELES SEALS : 3. 13:09 of 1st period - Mark Scheifele wins face-off versus Sven Andrighetto in neutral zone. 13:35 of 1st period - Andreas Johnsson is hit by Niko Mikkola. 14:22 of 1st period - Adam Lowry is hit by Sean Walker and loses puck. 14:35 of 1st period - Shot by Colin White. 14:35 of 1st period - Shot Blocked by Karl Alzner. 15:25 of 1st period - Alexander True is hit by Justin Williams and loses puck. 15:42 of 1st period - Shot by Mark Scheifele. 15:42 of 1st period - Stopped by Antti Niemi without a rebound. 15:43 of 1st period - Ryan Getzlaf wins face-off versus Mark Scheifele in SAN FRANCISCO SPIDERS zone. 16:11 of 1st period - Off-side. 16:12 of 1st period - Adam Lowry wins face-off versus Gabriel Bourque in neutral zone. 16:35 of 1st period - Off-side. 16:36 of 1st period - Logan Couture wins face-off versus Sven Andrighetto in neutral zone. 17:03 of 1st period - Shot by Justin Williams. 17:03 of 1st period - Shot Misses the Net. 17:15 of 1st period - Shot by Justin Williams. 17:15 of 1st period - Shot Misses the Net. 17:17 of 1st period - Shot by Justin Williams. 17:17 of 1st period - Deflect By Patrick Marleau. 17:17 of 1st period - Stopped by Antti Niemi without a rebound. 17:18 of 1st period - Mark Scheifele wins face-off versus Ryan Getzlaf in SAN FRANCISCO SPIDERS zone. 17:20 of 1st period - Brock Boeser is hit by Tyler Myers and loses puck. 17:55 of 1st period - Shot by Esa Lindell. 17:55 of 1st period - Stopped by Antti Niemi with a rebound. 18:03 of 1st period - Shot by Mark Scheifele. 18:03 of 1st period - Stopped by Antti Niemi without a rebound. 18:04 of 1st period - Dominik Simon wins face-off versus Patrick Marleau in SAN FRANCISCO SPIDERS zone. 18:39 of 1st period - Shot by Gabriel Bourque. 18:39 of 1st period - Stopped by Roberto Luongo without a rebound. 18:40 of 1st period - Adam Lowry wins face-off versus Sven Andrighetto in LOS ANGELES SEALS zone. 18:48 of 1st period - Danton Heinen is hit by Roman Polak and loses puck. 19:13 of 1st period - Shot by Danton Heinen. 19:13 of 1st period - Shot Blocked by Brandon Carlo. Goals for this period are 2 for SAN FRANCISCO SPIDERS vs 3 for LOS ANGELES SEALS. Shots for this period are 4 for SAN FRANCISCO SPIDERS vs 14 for LOS ANGELES SEALS. 2nd period 0:01 of 2nd period - Mark Scheifele wins face-off versus Dominik Simon in neutral zone. 0:27 of 2nd period - Mark Scheifele is hit by Tyler Wotherspoon and loses puck. 0:36 of 2nd period - Shot by Mark Scheifele. 0:36 of 2nd period - Stopped by Antti Niemi without a rebound. 0:37 of 2nd period - Ryan Getzlaf wins face-off versus Logan Couture in SAN FRANCISCO SPIDERS zone. 1:12 of 2nd period - Shot by Justin Williams. 1:12 of 2nd period - Stopped by Antti Niemi without a rebound. 1:13 of 2nd period - Jake DeBrusk wins face-off versus Sven Andrighetto in SAN FRANCISCO SPIDERS zone. 1:14 of 2nd period - Shot by Mark Scheifele. 1:14 of 2nd period - Stopped by Antti Niemi without a rebound. 1:15 of 2nd period - Andrei Svechnikov wins face-off versus Brock Boeser in SAN FRANCISCO SPIDERS zone. 1:15 of 2nd period - Andrei Svechnikov is hit by Andreas Johnsson. 1:44 of 2nd period - Danton Heinen is hit by Shayne Gostisbehere and loses puck. 1:45 of 2nd period - Danton Heinen from SAN FRANCISCO SPIDERS is injured at 1:45 of 2nd period (Upper Body). 1:46 of 2nd period - Patrick Marleau wins face-off versus Dominik Simon in LOS ANGELES SEALS zone. 2:47 of 2nd period - Dominik Simon is hit by Andreas Johnsson and loses puck. 2:54 of 2nd period - Shot by Andreas Johnsson. 2:54 of 2nd period - Stopped by Antti Niemi without a rebound. 2:55 of 2nd period - Ryan Getzlaf wins face-off versus Adam Lowry in SAN FRANCISCO SPIDERS zone. 2:55 of 2nd period - Ryan Getzlaf is hit by Adam Lowry. 3:59 of 2nd period - Shot by Mark Scheifele. 3:59 of 2nd period - Shot Misses the Net. 4:23 of 2nd period - Shot by Andreas Johnsson. 4:23 of 2nd period - Goal by Andreas Johnsson - SAN FRANCISCO SPIDERS : 2 - LOS ANGELES SEALS : 4. 4:24 of 2nd period - Sven Andrighetto wins face-off versus Logan Couture in neutral zone. 4:27 of 2nd period - Shot by Andrei Svechnikov. 4:27 of 2nd period - Stopped by Roberto Luongo without a rebound. 4:28 of 2nd period - Logan Couture wins face-off versus Sven Andrighetto in LOS ANGELES SEALS zone. 4:36 of 2nd period - Shot by Justin Williams. 4:36 of 2nd period - Stopped by Antti Niemi without a rebound. 4:37 of 2nd period - Logan Couture wins face-off versus Sven Andrighetto in SAN FRANCISCO SPIDERS zone. 4:38 of 2nd period - Shot by Justin Williams. 4:38 of 2nd period - Stopped by Antti Niemi with a rebound. 5:07 of 2nd period - Shot by Andrei Svechnikov. 5:07 of 2nd period - Deflect By Alexander Kerfoot. 5:07 of 2nd period - Shot Blocked by Brandon Carlo. 5:09 of 2nd period - Shot by Andrei Svechnikov. 5:09 of 2nd period - Stopped by Roberto Luongo with a rebound. 6:04 of 2nd period - Off-side. 6:05 of 2nd period - Ryan Getzlaf wins face-off versus Mark Scheifele in neutral zone. 6:14 of 2nd period - Shot by Mark Scheifele. 6:14 of 2nd period - Shot Misses the Net. 6:26 of 2nd period - Shot by Andreas Johnsson. 6:26 of 2nd period - Stopped by Antti Niemi with a rebound. 6:28 of 2nd period - Shot by Mark Scheifele. 6:28 of 2nd period - Goal by Mark Scheifele - SAN FRANCISCO SPIDERS : 2 - LOS ANGELES SEALS : 5. 6:29 of 2nd period - Adam Lowry wins face-off versus Sven Andrighetto in neutral zone. 7:50 of 2nd period - Shot by Mark Scheifele. 7:50 of 2nd period - Stopped by Antti Niemi without a rebound. 7:51 of 2nd period - Justin Williams wins face-off versus Dominik Simon in SAN FRANCISCO SPIDERS zone. 7:54 of 2nd period - Shot by Justin Williams. 7:54 of 2nd period - Stopped by Antti Niemi without a rebound. 7:55 of 2nd period - Logan Couture wins fac